 Dungeon Crawl Stone Soup version 0.22-b1-21-g5cfc168 (webtiles) character file.

6755 poirepourri the Blocker (level 10, 0/92 HPs)
             Began as a Deep Dwarf Fighter on Aug 3, 2018.
             Was a Believer of Makhleb.
             Killed by the air
             ... invoked by Gastronok
              (27 damage)
             ... on level 9 of the Dungeon.
             The game lasted 00:12:18 (6940 turns).

poirepourri the Blocker (Deep Dwarf Fighter)        Turns: 6940, Time: 00:12:19

Health: 0/92       AC: 14    Str: 20    XL:     10   Next: 75%
Magic:  7/7        EV: 17    Int: 14    God:    Makhleb [**....]
Gold:   223        SH: 15    Dex: 17    Spells: 9/9 levels left

rFire    + + .     SeeInvis .   a - +1 war axe
rCold    + . .     Gourm    .   t - +2 shield {AC+3}
rNeg     . . .     Faith    .   x - +2 ring mail of Tenacity {*Contam Regen+ Int+5}
rPois    .         Spirit   .   (no helmet)
rElec    .         Reflect  .   (no cloak)
rCorr    .         Harm     .   j - +1 pair of gloves
MR       ++...                  p - +0 pair of boots
Stlth    +.........             (no amulet)
HPRegen  0.00/turn              r - ring of protection from magic
MPRegen  0.10/turn              q - ring of Cuubrum {rF++ rC+ EV+3 Dex+2}

@: non-regenerating
A: damage resistance, heal wounds, sense surroundings 2, no regeneration
a: Heal Wounds, Minor Destruction, Renounce Religion


You were on level 9 of the Dungeon.
You worshipped Makhleb.
Makhleb was pleased with you.
You were full.

You visited 1 branch of the dungeon, and saw 9 of its levels.
You also visited: Bailey.

You collected 478 gold pieces.
You spent 255 gold pieces at shops.

Inventory:

Hand Weapons
 a - a +1 war axe (weapon)
Missiles
 k - 136 bolts
Armour
 j - a +1 pair of gloves (worn)
 p - a +0 pair of boots (worn)
 t - a +2 shield of protection (worn)
 x - the +2 ring mail of Tenacity (worn) {*Contam Regen+ Int+5}
   (You found it on level 7 of the Dungeon)

   It affects your intelligence (+5).
   It causes magical contamination when unequipped.
   It increases your rate of regeneration.
Jewellery
 c - an uncursed ring of resist corrosion {unknown}
 e - an uncursed ring of flight
 n - an uncursed ring of teleportation
 q - the ring of Cuubrum (right hand) {rF++ rC+ EV+3 Dex+2}
   (You found it on level 4 of the Dungeon)

   [ring of evasion]

   It affects your evasion (+3).
   It affects your dexterity (+2).
   It greatly protects you from fire.
   It protects you from cold.
 r - a ring of protection from magic (left hand)
 v - an uncursed ring of stealth
Wands
 b - a wand of random effects (40)
Scrolls
 g - 9 scrolls of remove curse
 l - 7 scrolls of teleportation
 m - 3 scrolls of amnesia
 o - 2 scrolls of fog
 s - a scroll of magic mapping
Potions
 i - a potion of lignification
 u - a potion of flight
 w - 2 potions of magic {unknown}
 z - a potion of mutation
Comestibles
 f - 11 rations


   Skills:
 + Level 6.6 Fighting
 - Level 9.2 Axes
 - Level 5.5 Armour
 - Level 5.3 Dodging
 - Level 12.1 Shields


You had 9 spell levels left.
You didn't know any spells.
Your spell library contained the following spells:

 Spells                   Type           Power        Failure   Level  Hunger
 Apportation              Tloc           #.....       54%         1    ##.....
 Summon Small Mammal      Summ           #...         54%         1    ##.....
 Animate Skeleton         Necr           N/A          54%         1    ##.....
 Confusing Touch          Hex            #.....       54%         1    ##.....


Dungeon Overview and Level Annotations

Branches:
Dungeon (9/15)             Temple (0/1) D:7
   Lair: D:8-11         Orc: D:9-12

Altars:
Ashenzari
Cheibriados
Gozag
Makhleb
Vehumet
Zin

Shops:
D:6 *   D:7 [*:!

Annotations:
D:9 Gastronok, Joseph


Innate Abilities, Weirdness & Mutations

You are resistant to damage.
You can heal yourself by infusing magical energy.
You passively map the area around you.
You do not regenerate.


Message History

A two-headed ogre comes into view. It is wielding two giant spiked clubs.
The two-headed ogre shouts in stereo!
The jackal barks!
The two-headed ogre moves out of view.
There is a stone staircase leading up here.
Gastronok the Ponderous comes into view.
Gastronok gurgles horribly!
You hear a bellow!
Joseph shoots a sling bullet.
You block the sling bullet.
You hear a bellow!
You see here a sling bullet.
Joseph unwields an uncursed hunting sling.
Joseph wields an uncursed quarterstaff of crushing.
Joseph barely misses you.
There are monsters nearby!
You hit Joseph but do no damage. Joseph barely misses you.
You slash Joseph!
Joseph is lightly wounded.
You block Joseph's attack.
Gastronok waves his eye-stalks in wide circles.
The air twists around and strikes you!
You die...

, * * * * * ...# * ,
, ,#..# *## ,*##..#
* ,..., #...# ,,* *
...., #.#.# * *
.....##.#.# , *
..w..h@...##### ,* ,
,#@(<(...# * , ,
#>.####.# * ,
#...>##.# ##.#.##.#
*, * , #......# *
,,,* * *###.###### ,
#.* * *
#.######.#.>...,,
..# #.
#............#**
**#.#
.#....###.###.#....,


You could see Gastronok, Joseph and a jackal.

Vanquished Creatures
  A hydra (D:8)
  Pikel (D:6)
  Psyche (D:9)
  2 centaur skeletons
  Prince Ribbit (D:5)
  Grinder (D:5)
  2 dream sheep (D:8)
  A hippogriff (D:7)
  Sigmund (D:4)
  2 yaks (D:8)
  Menkaure (D:5)
  3 sky beasts
  5 ice beasts (D:9)
  A slave (D:6)
  A phantom (D:4)
  2 ogres
  15 big kobolds
  3 bullfrogs
  2 wyvern zombies
  2 scorpions
  2 electric eels (D:9)
  A howler monkey (D:6)
  2 crimson imps
  2 bullfrog zombies
  3 orc priests (D:6)
  A hound (D:7)
  A bullfrog skeleton (D:6)
  2 jellies (D:5)
  4 orc wizards
  An iguana (D:4)
  4 worker ants
  A killer bee zombie (D:5)
  8 gnolls
  15 adders
  A shadow imp (D:8)
  An ooze (D:4)
  An adder skeleton (D:5)
  3 worms (D:5)
  3 dart slugs
  3 leopard geckos
  21 orcs
  7 giant cockroaches
  9 goblins
  10 hobgoblins
  11 jackals
  11 bats
  3 frilled lizards
  A jackal skeleton (D:7)
  A jackal zombie (D:6)
  51 kobolds
  A quokka skeleton (D:6)
  10 rats
243 creatures vanquished.

Notes
Turn   | Place    | Note
-------+----------+-------------------------------------------
     0 | D:1      | poirepourri the Deep Dwarf Fighter began the quest for the Orb.
     0 | D:1      | Reached XP level 1. HP: 20/20 MP: 1/1
   174 | D:1      | Reached XP level 2. HP: 27/27 MP: 2/2
   558 | D:1      | Reached XP level 3. HP: 25/33 MP: 3/3
  1079 | D:2      | Found a glowing silver altar of Zin.
  1081 | D:2      | Found a radiant altar of Vehumet.
  1165 | D:2      | Found a shattered altar of Ashenzari.
  1262 | D:2      | Reached XP level 4. HP: 23/40 MP: 4/4
  1267 | D:2      | Found an opulent altar of Gozag.
  1427 | D:2      | Reached skill level 5 in Axes
  1813 | D:3      | Reached XP level 5. HP: 12/46 MP: 5/5
  1918 | D:3      | Found a snail-covered altar of Cheibriados.
  2475 | D:4      | Noticed a sky beast
  2489 | D:4      | Killed a sky beast
  2489 | D:4      | Reached XP level 6. HP: 23/55 MP: 5/5
  2736 | D:4      | Noticed Sigmund
  2746 | D:4      | Killed Sigmund
  2746 | D:4      | Reached XP level 7. HP: 46/61 MP: 6/6
  2908 | D:4      | Reached skill level 1 in Dodging
  2940 | D:4      | Got a pitted brass ring
  2941 | D:4      | Identified the ring of Cuubrum {rF++ rC+ EV+3 Dex+2} (You found it on level 4 of the Dungeon)
  3278 | D:5      | Entered Level 5 of the Dungeon
  3451 | D:5      | Noticed Menkaure
  3467 | D:5      | Killed Menkaure
  3500 | D:5      | Noticed Grinder
  3527 | D:5      | Killed Grinder
  3527 | D:5      | Reached skill level 5 in Dodging
  3527 | D:5      | Reached XP level 8. HP: 31/68 MP: 6/6
  3579 | D:5      | Reached skill level 4 in Shields
  3717 | D:5      | Noticed Prince Ribbit
  4161 | D:5      | Killed Prince Ribbit
  4161 | D:5      | Reached skill level 6 in Shields
  4357 | D:6      | Reached skill level 7 in Shields
  4409 | D:6      | Reached skill level 8 in Shields
  4409 | D:6      | Gained mutation: You passively map the area around you. [Deep Dwarf growth]
  4409 | D:6      | Reached XP level 9. HP: 42/74 MP: 7/7
  4495 | D:6      | Found a burning altar of Makhleb.
  4495 | D:6      | Noticed a green death
  4498 | D:6      | Noticed an orange demon
  4498 | D:6      | Noticed a hellwing
  4620 | D:6      | Became a worshipper of Makhleb the Destroyer
  4769 | D:6      | Noticed Pikel
  4778 | D:6      | Killed Pikel
  4778 | D:6      | Reached skill level 10 in Shields
  4927 | D:6      | Found Peavvasu's Assorted Antiques.
  4932 | D:6      | Bought a purple potion for 25 gold pieces
  4932 | D:6      | Bought a black potion for 25 gold pieces
  4932 | D:6      | Bought a large emerald ring for 140 gold pieces
  5012 | D:7      | Found a flagged portal.
  5111 | D:7      | Found a staircase to the Ecumenical Temple.
  5126 | D:7      | Found Otiev's Armour Boutique.
  5134 | D:7      | Found Nuewusab's Assorted Antiques.
  5181 | D:7      | Found Bourazea's Book Shoppe.
  5249 | D:7      | Found Qeprebel's Distillery.
  5300 | D:7      | Bought a potion of heal wounds for 65 gold pieces
  5355 | D:7      | Got a smoking ring mail
  5366 | D:7      | Identified the +2 ring mail of Tenacity {*Contam Regen+ Int+5} (You found it on level 7 of the Dungeon)
  5439 | D:7      | Reached skill level 11 in Shields
  5559 | Bailey   | Entered a bailey
  5559 | Bailey   | Noticed an orc knight
  5740 | D:8      | Reached skill level 12 in Shields
  5740 | D:8      | Reached XP level 10. HP: 33/81 MP: 7/7
  5781 | D:8      | Noticed a three-headed hydra
  5796 | D:8      | Killed a three-headed hydra
  5796 | D:8      | Reached skill level 5 in Armour
  6352 | D:4      | Reached * piety under Makhleb
  6556 | D:4      | Reached ** piety under Makhleb
  6556 | D:4      | Reached skill level 5 in Fighting
  6861 | D:9      | Noticed Psyche
  6880 | D:9      | Killed Psyche
  6934 | D:9      | Noticed Joseph
  6936 | D:9      | Noticed a two-headed ogre
  6937 | D:9      | Noticed Gastronok
  6940 | D:9      | Killed from afar by Gastronok

Skill      XL: |  1  2  3  4  5  6  7  8  9 10 |
---------------+-------------------------------+-----
Axes           | 3 4 5 7 8 9 |  9.2
Dodging        | 5 |  5.3
Shields        | 8 12 | 12.1
Armour         | 5 |  5.5
Fighting       | 6 |  6.6

Action                   |  1- 3 |  4- 6 |  7- 9 | 10-12 || total
-------------------------+-------+-------+-------+-------++-------
Melee: War axe           |   141 |   190 |   379 |   167 ||   877
 Abil: Heal Wounds       |       |     5 |     9 |     2 ||    16
Evoke: Wand              |       |       |     4 |     9 ||    13
  Use: Scroll            |     4 |     5 |     7 |     6 ||    22
       Potion            |       |     4 |     6 |       ||    10
  Eat: Ration            |     1 |     2 |     2 |     2 ||     7
       Chunk             |       |       |     2 |       ||     2
Armor: Scale mail        |    71 |   104 |    67 |       ||   242
       Ring mail         |       |       |    20 |    49 ||    69
Dodge: Dodged            |    43 |    53 |   178 |   100 ||   374
Block: Shield            |    97 |   109 |   230 |   158 ||   594
